 Dungeon Crawl Stone Soup version 0.20.1-1-g8b1a95d (webtiles) character file.

7926 Hylith the Cleaver (level 11, -10/99 HPs)
             Began as a Minotaur Berserker on Dec 25, 2017.
             Was a High Priest of Trog.
             Mangled by a four-headed hydra (15 damage)
             ... on level 11 of the Dungeon.
             The game lasted 00:19:18 (8331 turns).

Hylith the Cleaver (Minotaur Berserker)             Turns: 8331, Time: 00:19:18

Health: -10/99     AC: 15    Str: 25    XL:     11   Next: 3%
Magic:  3/3        EV: 12    Int:  8    God:    Trog [*****.]
Gold:   551        SH:  0    Dex: 13    Spells: 10/10 levels left

rFire    + . .     SeeInvis .   R - +4 battleaxe (antimagic)
rCold    . . .     Gourm    .   (shield currently unavailable)
rNeg     . . .     Faith    .   O - +1 ring mail of Repulsion {rF+ Int+4 Dex+3 Stlth+}
rPois    .         Spirit   .   (helmet restricted)
rElec    .         Reflect  .   v - +0 cloak
rCorr    .         Harm     +   t - +2 pair of gloves
MR       +....                  k - +1 pair of boots
Stlth    ++........             i - amulet of harm
Regen    0.3/turn               M - ring of protection from magic
MPRegen  0.1/turn               (no ring)

@: no status effects
A: retaliatory headbutt, horns 2
a: Berserk, Trog's Hand, Brothers in Arms, Burn Spellbooks, Renounce Religion


You were on level 11 of the Dungeon.
You worshipped Trog.
Trog was extremely pleased with you.
You were not hungry.

You visited 1 branch of the dungeon, and saw 11 of its levels.

You collected 551 gold pieces.

Inventory:

Hand Weapons
 e - a +0 morningstar
 z - a +0 war axe of electrocution
 R - a +4 antimagic battleaxe (weapon)
Armour
 k - a +1 pair of boots (worn)
 t - a +2 pair of gloves (worn)
 u - a +0 chain mail
 v - a +0 cloak (worn)
 O - the +1 ring mail of Repulsion (worn) {rF+ Int+4 Dex+3 Stlth+}
   (You found it on level 10 of the Dungeon)

   It affects your intelligence (+4).
   It affects your dexterity (+3).
   It protects you from fire.
   It makes you more stealthy.
Jewellery
 i - an amulet of harm (around neck)
 M - a ring of protection from magic (left hand)
Scrolls
 f - 2 scrolls of enchant weapon {unknown}
 g - 10 scrolls of identify {unknown}
 h - 5 scrolls of remove curse {unknown}
 j - 2 scrolls of magic mapping {unknown}
 q - 2 scrolls of random uselessness {unknown}
 r - 2 scrolls of fog {unknown}
 s - 2 scrolls of fear {unknown}
 x - 8 scrolls of teleportation {unknown}
 y - a scroll of blinking {unknown}
 D - a scroll of acquirement {unknown}
 I - a scroll of noise {unknown}
 K - a scroll of amnesia {unknown}
 N - a scroll of summoning {unknown}
 P - a scroll of recharging {unknown}
 Q - a scroll of vulnerability {unknown}
 T - a scroll of brand weapon {unknown}
Potions
 a - 2 potions of haste {unknown}
 l - a potion of mutation {unknown}
 m - 2 potions of invisibility {unknown}
 n - a potion of resistance {unknown}
 o - 2 potions of ambrosia {unknown}
 p - 3 potions of curing {unknown}
 w - 2 potions of magic {unknown}
 B - a potion of degeneration {unknown}
 F - 2 potions of heal wounds {unknown}
 J - a potion of flight {unknown}
Books
 A - a book of Changes

   Spells                             Type                      Level
   a - Beastly Appendage              Transmutation                1
   b - Sticks to Snakes               Transmutation                2
   c - Spider Form                    Transmutation/Poison         3
   d - Ice Form                       Ice/Transmutation            4
   e - Blade Hands                    Transmutation                5
   Trog disapproves of the use of such an item.
 L - a Young Poisoner's Handbook

   Spells                             Type                      Level
   a - Sting                          Conjuration/Poison           1
   b - Poisonous Vapours              Poison/Air                   2
   c - Mephitic Cloud                 Conjuration/Poison/Air       3
   d - Olgreb's Toxic Radiance        Poison                       4
   e - Venom Bolt                     Conjuration/Poison           5
   Trog disapproves of the use of such an item.
Miscellaneous
 S - a crystal ball of energy
Comestibles
 b - 14 royal jellies
 c - a bread ration
 d - 7 meat rations
 H - 28 fruits


   Skills:
 * Level 9.9 Fighting
 * Level 12.5(13.5) Axes
 - Level 8.8(11.8) Maces & Flails
 * Level 9.9 Armour
 - Level 3.0 Dodging
 - Level 1.0 Stealth


You had 10 spell levels left.
You didn't know any spells.

Dungeon Overview and Level Annotations

Branches:
Dungeon (11/15)            Temple (0/1) D:7            Lair (0/6) D:10
    Orc (0/2) D:10

Altars:
Cheibriados
Dithmenos
Elyvilon
Gozag
Hepliaklqana
Okawaru
Qazlal
Sif Muna
Trog
Uskayaw
Xom
Zin
The Shining One

Shops:
D:2 *   D:7 (

Annotations:
D:3 1 runed door


Innate Abilities, Weirdness & Mutations

You reflexively headbutt those who attack you in melee.
You have a pair of horns on your head.


Message History

a +0 troll leather armour; a troll corpse The centaur shoots an arrow.
The arrow hits you.
* * * LOW HITPOINT WARNING * * *
You see here an arrow.
The centaur shoots an arrow.
The arrow hits you but does no damage.
A water moccasin comes into view.
The centaur shoots an arrow.
The arrow misses you.
The centaur shoots an arrow.
The arrow hits you!
* * * LOW HITPOINT WARNING * * *
The centaur shoots an arrow.
The arrow hits you but does no damage.
You see here 2 arrows.
The centaur shoots an arrow.
The arrow barely misses you. The four-headed hydra bites you.
* * * LOW HITPOINT WARNING * * *
The four-headed hydra bites you but does no damage. x2
The four-headed hydra barely misses you.
You see here an arrow.
Found a meat ration.
The four-headed hydra bites you!
You die...

... ..# #.... ......
..# #...# #...... ..#
#...# ....... ..# #...#
##....... ..# #...#
#..8.....
.(########..(# #......#
$(.(.........# #..8...#
...([.(...(..###@.....#
#+##((......(..D..8...#
.....8...######c......#
.........# #.......#
.........# #.......#
.....#...# #%......#
.....#...# #.........
.....#...# #.########
#.#


You could see a four-headed hydra and a centaur.

Vanquished Creatures
  3 two-headed ogres
  Maurice (D:10)
  2 trolls
  A hornet (D:10)
  2 hippogriffs
  A shadow (D:11)
  The ghost of wojtek the Chopper, an amateur MiFi (D:4)
  2 hell hounds (D:10)
  An orc warrior (D:9)
  An eye of draining (D:9)
  3 ice beasts
  3 black bears
  A necrophage (D:9)
  A centaur (D:9)
  A crocodile (D:7)
  4 ogres
  A big kobold (D:8)
  6 bullfrogs
  3 scorpions
  12 killer bees
  3 howler monkeys
  A crimson imp (D:6)
  A quasit (D:5)
  2 bullfrog zombies
  4 jellies
  8 orc priests
  2 centaur skeletons
  4 hounds
  11 orc wizards
  An iguana (D:4)
  10 worker ants
  A hound zombie (D:10)
  A hound skeleton (D:5)
  A howler monkey zombie (D:5)
  A worker ant zombie (D:5)
  4 gnolls
  2 howler monkey skeletons
  20 adders
  5 oozes (D:8)
  4 dart slugs
  4 leopard geckos
  38 orcs
  4 giant cockroaches
  6 goblins
  5 hobgoblins
  13 jackals
  A quokka (D:4)
  2 ball pythons
  4 bats
  3 frilled lizards
  17 kobolds
  A quokka skeleton (D:8)
  6 rats
  4 plants (D:4)
244 creatures vanquished.

Vanquished Creatures (others)
  A quokka (D:5)
  3 plants (D:4)
4 creatures vanquished.

Grand Total: 248 creatures vanquished

Notes
Turn   | Place    | Note
-------+----------+-------------------------------------------
     0 | D:1      | Hylith the Minotaur Berserker began the quest for the Orb.
     0 | D:1      | Reached XP level 1. HP: 19/19 MP: 0/0
   169 | D:1      | Reached XP level 2. HP: 21/27 MP: 1/1
   500 | D:1      | Reached ** piety under Trog
   632 | D:1      | Reached XP level 3. HP: 24/33 MP: 2/2
   687 | D:1      | Reached skill level 4 in Axes
   737 | D:2      | Found an opulent altar of Gozag.
   737 | D:2      | Found Gozag's Platinum Reserve.
   806 | D:2      | Reached XP level 4. HP: 26/41 MP: 3/3
  1394 | D:3      | Reached skill level 5 in Axes
  1409 | D:3      | Noticed an angel
  1446 | D:3      | Found a glowing silver altar of Zin.
  1447 | D:3      | Found a runed door.
  1514 | D:3      | Found a snail-covered altar of Cheibriados.
  1747 | D:3      | Reached *** piety under Trog
  1750 | D:3      | Reached skill level 1 in Stealth
  1750 | D:3      | Reached XP level 5. HP: 44/47 MP: 4/4
  1924 | D:3      | Reached skill level 5 in Fighting
  2258 | D:4      | Reached skill level 1 in Maces & Flails
  2258 | D:4      | Reached XP level 6. HP: 44/56 MP: 5/5
  2439 | D:4      | Found a glowing golden altar of the Shining One.
  2508 | D:4      | Noticed wojtek's ghost (amateur MiFi)
  2597 | D:4      | Killed wojtek's ghost
  2597 | D:4      | Reached XP level 7. HP: 61/62 MP: 6/6
  2803 | D:4      | Reached skill level 5 in Maces & Flails
  2976 | D:4      | Found a shadowy altar of Dithmenos.
  3126 | D:5      | Entered Level 5 of the Dungeon
  3193 | D:5      | Found a white marble altar of Elyvilon.
  3258 | D:5      | Reached **** piety under Trog
  3416 | D:5      | Reached skill level 5 in Armour
  3432 | D:5      | Reached XP level 8. HP: 71/71 MP: 7/7
  3898 | D:6      | Noticed a hippogriff
  3906 | D:6      | Killed a hippogriff
  3975 | D:6      | Found a shimmering altar of Xom.
  4009 | D:6      | Found a glowing silver altar of Zin.
  4463 | D:6      | Found a stormy altar of Qazlal.
  4463 | D:6      | Found an iron altar of Okawaru.
  4654 | D:6      | Reached skill level 6 in Axes
  4914 | D:7      | Reached XP level 9. HP: 80/80 MP: 8/8
  4951 | D:7      | Found Vucosoez's Antique Weapon Emporium.
  5012 | D:7      | Found a hazy altar of Hepliaklqana.
  5115 | D:7      | Found a staircase to the Ecumenical Temple.
  5171 | D:7      | Reached ***** piety under Trog
  5295 | D:7      | Found a hide-covered altar of Uskayaw.
  5296 | D:7      | Found a deep blue altar of Sif Muna.
  5592 | D:8      | Reached skill level 7 in Axes
  5696 | D:8      | Found a bloodstained altar of Trog.
  5837 | D:8      | Reached skill level 8 in Axes
  6170 | D:9      | Found a shadowy altar of Dithmenos.
  6173 | D:9      | Reached skill level 9 in Axes
  6294 | D:9      | Noticed a two-headed ogre
  6302 | D:9      | Killed a two-headed ogre
  6302 | D:9      | Reached XP level 10. HP: 55/90 MP: 9/9
  6482 | D:9      | Reached skill level 10 in Axes
  6577 | D:9      | Received a gift from Trog
  6892 | D:9      | Noticed a two-headed ogre
  6908 | D:9      | Killed a two-headed ogre
  6908 | D:9      | Reached skill level 11 in Axes
  7132 | D:10     | Entered Level 10 of the Dungeon
  7132 | D:10     | Noticed Maurice
  7145 | D:10     | Killed Maurice
  7266 | D:10     | Got a jewelled ring mail
  7277 | D:10     | Identified the +1 ring mail of Repulsion {rF+ Int+4 Dex+3 Stlth+} (You found it on level 10 of the Dungeon)
  7342 | D:10     | Noticed a two-headed ogre
  7352 | D:10     | Killed a two-headed ogre
  7352 | D:10     | Reached skill level 12 in Axes
  7602 | D:10     | Paralysed by a hornet for 3 turns
  7741 | D:10     | Found a staircase to the Lair.
  7858 | D:10     | Found a staircase to the Orcish Mines.
  8311 | D:11     | Noticed a four-headed hydra
  8311 | D:11     | Reached XP level 11. HP: 58/99 MP: 3/10
  8326 | D:11     | HP: 3/99 [four-headed hydra (7)]
  8331 | D:11     | Mangled by a four-headed hydra

Skill      XL: |  1  2  3  4  5  6  7  8  9 10 |
---------------+-------------------------------+-----
Armour         | 3 4 5 6 8 9 |  9.9
Fighting       | 4 5 6 7 8 9 |  9.9
Axes           | 4 5 6 9 12 | 12.5
Stealth        | 1 |  1.0
Dodging        | 3 |  3.0
Maces & Flails | 1 4 6 8 |  8.8

Action                   |  1- 3 |  4- 6 |  7- 9 | 10-12 || total
-------------------------+-------+-------+-------+-------++-------
Melee: Hand axe          |    82 |    76 |       |       ||   158
       Headbutt          |     9 |    29 |    43 |    21 ||   102
       Morningstar       |       |    58 |   161 |       ||   219
       War axe           |       |       |   131 |    14 ||   145
       Battleaxe         |       |       |       |    84 ||    84
 Stab: Sleeping          |       |     2 |       |       ||     2
  Eat: Chunk             |       |     5 |    12 |     4 ||    21
       Bread ration      |       |       |       |     1 ||     1
Armor: Animal skin       |    27 |     7 |       |       ||    34
       Leather armour    |       |    15 |       |       ||    15
       Chain mail        |       |    51 |   163 |    27 ||   241
       Ring mail         |       |       |       |    23 ||    23
Dodge: Dodged            |    57 |    62 |   116 |    54 ||   289
